 Dungeon Crawl Stone Soup version 0.25-a0-163-g00f8f0cddd (webtiles) character file.

Game seed: 4796798486824435011, levelgen mode: deterministic

18 RedPan the Chiller (level 2, 0/20 HPs)
             Began as a Draconian Ice Elementalist on Nov 22, 2019.
             Slain by a goblin
             ... wielding a +0 dagger
             ... led by Robin
              (2 damage)
             ... on level 1 of the Dungeon.
             The game lasted 00:01:24 (1247 turns).

RedPan the Chiller (Draconian Ice Elementalist)     Turns: 1247, Time: 00:01:24

Health: 0/20       AC:  4    Str: 10    XL:     2   Next: 51%
Magic:  1/5        EV: 12    Int: 15    God:
Gold:   45         SH:  0    Dex: 11    Spells: 4/5 levels left

rFire    . . .     SeeInvis .   f - +0 hand axe
rCold    . . .     Gourm    .   (no shield)
rNeg     . . .     Faith    .   (armour unavailable)
rPois    .         Spirit   .   (helmet restricted)
rElec    .         Reflect  .   (no cloak)
rCorr    .         Harm     .   (no gloves)
MR       .....                  (no boots)
Stlth    ++........             (no amulet)
HPRegen  0.06/turn              (no ring)
MPRegen  0.09/turn              (no ring)

@: no status effects
A: unfitting armour, cold-blooded, AC +4
a: no special abilities


You were on level 1 of the Dungeon.
You were not hungry.

You visited 1 branch of the dungeon, and saw 2 of its levels.

You collected 45 gold pieces.

Inventory:

Hand Weapons
 f - a +0 hand axe (weapon)
Scrolls
 c - a scroll of remove curse
 e - a scroll of enchant armour
Comestibles
 b - a ration


   Skills:
 - Level 2.0 Dodging
 - Level 2.0 Stealth
 + Level 2.3 Spellcasting
   Level 1.0 Conjurations
 + Level 3.3 Ice Magic


You had 4 spell levels left.
You knew the following spells:

 Your Spells              Type           Power        Failure   Level  Hunger
a - Freeze                Ice            ##..         5%          1    #......

Your spell library contained the following spells:

 Spells                   Type           Power        Failure   Level  Hunger
 Throw Frost              Conj/Ice       #.....       13%         2    ###....
 Ozocubu's Armour         Chrm/Ice       #.......     32%         3    ###....
 Throw Icicle             Conj/Ice       #.......     65%         4    #####..
 Summon Ice Beast         Ice/Summ       #.......     71%         4    #####..


Dungeon Overview and Level Annotations

Branches:
Dungeon (2/15)

Altars:

Annotations:
D:2 Robin


Innate Abilities, Weirdness & Mutations

Your plain brown scales are hard. (AC +4)
You cannot fit into any form of body armour.
You are cold-blooded and may be slowed by cold attacks.


Message History

Unknown command.
Casting: Freeze (safe; 5% risk of failure)
Confirm with . or Enter, or press ? or * to list all spells.
Aiming: Freeze (safe; 5% risk of failure)
Press: ? - help, Shift-Dir - straight line, f - hobgoblin
Aim: a hobgoblin, wielding a +0 club You freeze the hobgoblin.
The hobgoblin is heavily wounded.
The goblin misses you. The goblin hits you but does no damage.
The hobgoblin hits you but does no damage.
Unknown command.
Casting: Freeze (safe; 5% risk of failure)
Confirm with . or Enter, or press ? or * to list all spells.
Aiming: Freeze (safe; 5% risk of failure)
Press: ? - help, Shift-Dir - straight line, f/p - hobgoblin
Aim: a hobgoblin, wielding a +0 club (heavily wounded)
You freeze the hobgoblin.
The hobgoblin is severely wounded.
The goblin misses you. The goblin hits you with a +0 dagger.
You die...

#.#### ###.# #....# #...####
##.#.####################.#.##..
#.#.................^....#.##..
#.#...######......######.#.##..
#.#......................#.#...
#.#...##..##......##..##.#.#...
#.#..........)gg.........#.#...
#.############@g##########.#...
#.............###.......)..####
#.######.####.###.#############
#.# #.# #..##.##........... #.#
#.# ##.##.##.########## #.#
##.### #.##.##.#...#..... #.#
#....# #.##.##.#...#....# #รท#
#....# #..#.##.#.#.#....# #.#
#....####.#.##.#.#.......


You could see a hobgoblin and 2 goblins.

Vanquished Creatures
  A leopard gecko (D:1)
  5 bats (D:1)
  5 goblins (D:1)
  3 hobgoblins (D:1)
  A frilled lizard (D:1)
  A kobold (D:1)
  2 rats (D:1)
18 creatures vanquished.

Notes
Turn   | Place    | Note
-------+----------+-------------------------------------------
     0 | D:1      | RedPan the Draconian Ice Elementalist began the quest for
                  | the Orb.
     0 | D:1      | Reached XP level 1. HP: 14/14 MP: 3/3
   471 | D:1      | Reached XP level 2. HP: 19/20 MP: 5/5
  1096 | D:2      | Noticed Robin
  1247 | D:1      | Slain by a goblin

Levels and vault maps discovered:
D:1:      dpeg_arrival_line_fractal, layout_basic, solitary_fountain
D:2:      minmay_skewed_foursquare, layout_basic,
          nicolae_qazlal_style_of_elements, uniq_robin, uniq_crazy_yiuf_cottage

Skill      XL: |  1 |
---------------+----+-----
Dodging        | 2 |  2.0
Stealth        | 2 |  2.0
Spellcasting   | |  2.3
Conjurations   | |  1.0
Ice Magic      | |  3.3

Action                   || total
-------------------------++-------
Melee: Unarmed           ||     7
       Hand axe          ||     7
       Tailslap          ||     1
 Cast: Freeze            ||    22
  Use: Scroll            ||     3
  Eat: Chunk             ||     1
Armor: Skin              ||    14
Dodge: Dodged            ||    36

Table legend:
 A = Non-vault XP
 B = Vault XP
 C = Vault XP percentage of total XP
 D = Non-vault monster count
 E = Vault monster count
 F = Vault count percentage of total count
                 A         B        C        D         E       F
            +---------+---------+-------+---------+---------+-------
      Total |      22 |       5 |  18.5 |      15 |       3 |  16.7
            +---------+---------+-------+---------+---------+-------
        D:1 |      22 |       5 |  18.5 |      15 |       3 |  16.7
            +---------+---------+-------+---------+---------+-------
